 Dungeon Crawl Stone Soup version 0.28-a0-1504-g839a4452db (webtiles) character file.

Game seed: 2430467602419134713

1138 Cheeritup the Chopper (level 8, -2/68 HPs)
             Began as a Palentonga Fighter on Jan 13, 2022.
             Was an Initiate of Cheibriados.
             Slain by Duvessa (10 damage)
             ... on level 5 of the Dungeon.
             The game lasted 00:14:07 (5178 turns).

Cheeritup the Chopper (Palentonga Fighter)          Turns: 5178, Time: 00:14:08

Health: -2/68      AC: 13    Str: 27    XL:     8   Next: 14%
Magic:  19/19      EV:  8    Int:  9    God:    Cheibriados [......]
Gold:   161        SH: 12    Dex: 13    Spells: 10/10 levels left

rFire   . . .      SeeInvis +   a - +0 war axe
rCold   . . .      Faith    .   f - +3 warlock's mirror {reflect}
rNeg    . . .      Spirit   .   e - +0 ring mail
rPois   .          Reflect  +   (no helmet)
rElec   .          Harm     .   (no cloak)
rCorr   .          Rampage  .   (no gloves)
Will    .....                   (no barding)
Stlth   +.........              p - amulet of reflection
HPRegen 0.21/turn               m - +6 ring of strength
MPRegen 0.16/turn               c - ring of magical power

@: curled up, very slow
A: large, rugged brown scales 3, see invisible, deformed body, roll 1, armoured
tail, reflexive curl
a: Rolling Charge, Renounce Religion


You were on level 5 of the Dungeon.
You worshipped Cheibriados.
Cheibriados was noncommittal.
You visited 1 branch of the dungeon, and saw 5 of its levels.

You collected 161 gold pieces.

Inventory:

Hand Weapons
 a - a +0 war axe (weapon)
Armour
 b - a +0 scale mail
 e - a +0 ring mail (worn)
 f - the +3 warlock's mirror (worn) {reflect}
   (You acquired it on level 4 of the Dungeon)

   It can block and reflect piercing ranged attacks and magical attacks against
   the wielder's willpower.
 i - a +1 tower shield
Jewellery
 c - a ring of magical power (right hand)
 k - a ring of ice
 m - a +6 ring of strength (left hand)
 p - an amulet of reflection (around neck)
 z - a ring of flight
Wands
 n - a wand of mindburst (15)
Scrolls
 l - a scroll of enchant armour
 v - a scroll of teleportation
Potions
 d - 2 potions of might
 g - 2 potions of curing
 h - a potion of resistance {unknown}
 j - a potion of haste {unknown}
 o - a potion of degeneration {unknown}
 q - 2 potions of mutation
 r - a potion of lignification {unknown}
 s - 2 potions of brilliance
 t - a potion of heal wounds {unknown}
 u - a potion of ambrosia
 x - 2 potions of flight


   Skills:
 + Level 6.0 Fighting
 * Level 7.0 Axes
 - Level 2.4 Armour
 - Level 3.0 Shields
 - Level 1.5 Spellcasting
 - Level 3.0 Hexes


You had 10 spell levels left.
You didn't know any spells.
Your spell library contained the following spells:

 Spells                   Type           Power      Damage    Failure   Level
 Confusing Touch          Hex            6%         N/A       50%         3
 Freeze                   Ice            0%         1d3       54%         1
 Summon Small Mammal      Summ           0%         N/A       54%         1
 Static Discharge         Conj/Air       0%         N/A       69%         2
 Summon Guardian Golem    Hex/Summ       3%         N/A       71%         3
 Call Canine Familiar     Summ           0%         N/A       89%         3
 Frozen Ramparts          Ice            0%         1d2       89%         3
 Hailstorm                Conj/Ice       0%         3d3       100%        4
 Lightning Bolt           Conj/Air       0%         1d11      100%        5
 Yara's Violent Unravell  Hex/Tmut       1%         3d3       100%        5
 Enfeeble                 Hex            3%         N/A       100%        7
 Maxwell's Capacitive Co  Air            0%         ∞         100%        8


Dungeon Overview and Level Annotations

Branches:
Dungeon (5/15)
 Temple: D:4-7

Altars:
Cheibriados
Dithmenos
Vehumet
Yredelemnul

Shops:
D:4 (

Annotations:
D:5 Duvessa


Innate Abilities, Weirdness & Mutations

You are completely covered in rugged brown scales. (AC +3, +7% HP)
You have supernaturally acute eyesight. (SInv)
Armour fits poorly on your strangely shaped body.
You can roll at nearby foes to attack.
You have a long armoured tail.
You curl defensively after being hit. (AC +7*)


Message History

Duvessa shouts!
Duvessa goes berserk!
There's nothing you can charge at!
Duvessa rages.
You roll forward with a clatter of scales!
You barely miss Duvessa. You tail-slap Duvessa.
Duvessa is lightly wounded.
Something shouts, "Quit, thou mammering fen-sucked ratsbane!"
You block Duvessa's attack.
Duvessa hits you with a +5 short sword of speed!
You block Duvessa's attack. There's nothing you can charge at!
You hit Duvessa.
Your tail-slap misses Duvessa.
Duvessa is lightly wounded.
Duvessa hits you with a +5 short sword of speed!
You block Duvessa's attack. x2
You hit Duvessa.
Duvessa is moderately wounded.
You block Duvessa's attack.
Duvessa hits you with a +5 short sword of speed.
Duvessa hits you but does no damage.
You barely miss Duvessa.
Duvessa is moderately wounded.
You block Duvessa's attack. Duvessa completely misses you.
You hit Duvessa.
Duvessa is moderately wounded.
You block Duvessa's attack. Duvessa closely misses you.
You block Duvessa's attack.
You slash Duvessa!
Duvessa is heavily wounded.
You block Duvessa's attack.
Duvessa hits you with a +5 short sword of speed!!
* * * LOW HITPOINT WARNING * * *
You hit Duvessa but do no damage.
Duvessa is heavily wounded.
Duvessa hits you with a +5 short sword of speed!
* * * LOW HITPOINT WARNING * * *
A shadow imp comes into view.
Duvessa hits you with a +5 short sword of speed!
You die...

#♣.♣# ## ♣.♣ ########.
♣.♣ ##)....... ♣.♣
##..##.####
♣.♣###..###..# ♣.♣#..###
##.# ##### #.##### ###.#
#.'.♣♣♣♣♣♣##.##♣♣♣♣♣♣.'.#
#.'......e@.#÷........'.#
#.'.♣♣♣♣♣♣##5##♣♣♣♣♣♣.'.#
##.####### #.# #####
#......... ♣.♣
######.######## ♣.♣
.......# ♣.♣ ######## ♣.♣
♣.♣


You could see Duvessa (berserk) and a shadow imp.

Vanquished Creatures
  Grinder (D:5)
  A necrophage (D:5)
  An ogre (D:5)
  A phantom (D:4)
  A bullfrog (D:3)
  2 scorpions
  A water moccasin skeleton (D:5)
  Dowan (D:5)
  A bullfrog skeleton (D:4)
  2 jellies
  A hound (D:5)
  An iguana (D:2)
  2 hound zombies (D:5)
  4 gnolls
  9 adders
  A shadow imp (D:5)
  A white imp (D:5)
  2 worms
  4 dart slugs
  6 orcs
  9 bats
  6 endoplasms
  3 giant cockroaches
  10 goblins
  10 hobgoblins
  4 jackals (D:1)
  A quokka (D:5)
  7 ball pythons
  3 frilled lizards
  6 kobolds
  8 rats
110 creatures vanquished.

Vanquished Creatures (others)
  8 plants (D:3)
8 creatures vanquished.

Grand Total: 118 creatures vanquished

Notes
Turn   | Place    | Note
-------+----------+-------------------------------------------
     0 | D:1      | Cheeritup the Palentonga Fighter began the quest for the
                  | Orb.
     0 | D:1      | Reached XP level 1. HP: 19/19 MP: 1/1
   108 | D:1      | Reached XP level 2. HP: 25/25 MP: 2/2
   382 | D:1      | Reached XP level 3. HP: 25/31 MP: 3/3
   704 | D:1      | Found a faded altar of an unknown god.
  1083 | D:2      | Reached skill level 1 in Spellcasting
  1083 | D:2      | Reached skill level 1 in Hexes
  1121 | D:2      | Found a basalt altar of Yredelemnul.
  1123 | D:2      | Reached skill level 3 in Axes
  1138 | D:2      | Reached XP level 4. HP: 14/39 MP: 5/5
  1974 | D:2      | Reached XP level 5. HP: 34/44 MP: 6/6
  2393 | D:3      | Reached skill level 4 in Axes
  3261 | D:4      | Identified a scroll of acquirement
  3261 | D:4      | Acquired the +3 warlock's mirror {reflect}
  3261 | D:4      | Found the +3 warlock's mirror {reflect}
  3398 | D:4      | Reached XP level 6. HP: 50/52 MP: 8/8
  3755 | D:4      | Found a snail-covered altar of Cheibriados.
  3844 | D:4      | Found a radiant altar of Vehumet.
  4006 | D:4      | Found Rinlan Omeil's Antique Weapon Shop.
  4173 | D:4      | Became a worshipper of Cheibriados the Contemplative
  4191 | D:5      | Entered Level 5 of the Dungeon
  4191 | D:5      | Noticed Duvessa
  4191 | D:5      | Noticed Dowan
  4236 | D:5      | Noticed Grinder
  4236 | D:5      | Found a shadowy altar of Dithmenos.
  4284 | D:5      | Reached skill level 5 in Axes
  4284 | D:5      | Gained mutation: You curl defensively after being hit. (AC
                  | +7*) [Palentonga growth]
  4284 | D:5      | Reached XP level 7. HP: 23/58 MP: 9/9
  4290 | D:5      | Reached skill level 5 in Fighting
  4562 | D:5      | Paralysed by Grinder for 6 turns
  4570 | D:5      | Killed Grinder
  4571 | D:5      | Reached skill level 6 in Axes
  4800 | D:5      | Reached XP level 8. HP: 59/68 MP: 10/10
  4958 | D:5      | Killed Dowan
  4959 | D:5      | Reached skill level 7 in Axes
  5178 | D:5      | Slain by Duvessa

Illustrated notes

Levels and vault maps discovered:
D:1:      dpeg_arrival_arbitrary_b, layout_basic, ebering_ecumenical_altar_box
D:2:      layout_rooms, basic_altar, corexii_shack
D:3:      layout_basic, serial_forest, infiniplex_forest_clump_double,
          infiniplex_forest_end_2, infiniplex_forest_end_2,
          infiniplex_forest_clump_diagonal, infiniplex_forest_lined_4_way,
          chequers_serial_rivers_micro_e
D:4:      layout_cave_pools, lemuel_doored_altar,
          mainiacjoe_overflow_tiny_flanked, serial_shops,
          nicolae_shop_hallway_stairs, eino_tiny_chamber,
          nicolae_elevator_lobby_plus
D:5:      lemuel_ratsnest, layout_layer_cave, lemuel_crystal_altar,
          minmay_misc_feat_pillars, kennysheep_cross_bottleneck,
          small_statue_intersection, uniq_grinder, uniq_duvessa

Skill      XL: |  1  2  3  4  5  6  7  8 |
---------------+-------------------------+-----
Spellcasting   | 1 |  1.5
Hexes          | 1 2 3 |  3.0
Axes           | 3 4 5 6 7 |  7.0
Fighting       | 4 5 6 |  6.0
Shields        | 3 |  3.0
Armour         | |  2.4

Action                   |  1- 3 |  4- 6 |  7- 9 || total
-------------------------+-------+-------+-------++-------
Melee: War axe           |    79 |   138 |    50 ||   267
       Tailslap          |     7 |    14 |    12 ||    33
 Abil: Rolling Charge    |    27 |    41 |    14 ||    82
  Use: Scroll            |       |     9 |     3 ||    12
       Potion            |       |       |     1 ||     1
 Stab: Paralysed         |       |       |     1 ||     1
Armor: Ring mail         |    44 |    49 |    10 ||   103
Dodge: Dodged            |    30 |    35 |     6 ||    71
Block: Buckler           |    10 |    33 |    30 ||    73
       Reflection        |       |     3 |     4 ||     7

Table legend: (Time is in decaauts)
 A = Elapsed time spent in this place.
 B = Non-inter-level travel time spent in this place.
 C = Inter-level travel time spent in this place.
 D = Time resting spent in this place.
 E = Time spent auto-exploring this place.
 F = Levels seen in this place.
 G = Mean time per level.
                   A        B        C        D        E       F      G
               +--------+--------+--------+--------+--------+-----+--------+
         Total |   5390 |   5201 |    189 |    827 |   3535 |   5 | 1078.0 |
       Dungeon |   5390 |   5201 |    189 |    827 |   3535 |   5 | 1078.0 |
               +--------+--------+--------+--------+--------+-----+--------+

Top non-repeatable levels by time:
     D:4: 1279 daAuts
     D:3: 1154 daAuts
     D:1: 1100 daAuts
     D:2: 1060 daAuts
     D:5: 795 daAuts
